| TOP OF THE 1ST |
|
San Francisco Giants batting - Pitching for Los Angeles Dodgers : RHP Michael Walsh
|
|
Pitching: RHP Michael Walsh
|
|
|
Batting: RHB Philip Jansen
|
0-0: Ball 1-0: Ground out U3 (Groundball, 34, EV 106.2 MPH)
|
|
Batting: RHB Lucan Esini
|
0-0: Ball 1-0: Ball 2-0: Fly out, F9 (Flyball, 9D, EV 103.8 MPH)
|
|
Batting: LHB Jack Henningar
|
0-0: Foul Ball, location: 2F 0-1: Ball 1-1: Foul Ball, location: 2F 1-2: Ball 2-2: Strikes out swinging
|
| Top of the 1st over - 0 runs, 0 hits, 0 errors, 0 left on base; San Francisco 0 - Los Angeles 0 |
| BOTTOM OF THE 1ST |
|
Los Angeles Dodgers batting - Pitching for San Francisco Giants : LHP Randy Johnson Jr.
|
|
Pitching: LHP Randy Johnson Jr.
|
|
|
Batting: RHB Tim Nettles
|
0-0: Called Strike 0-1: Ball 1-1: Ground out 4-3 (Groundball, 4, EV 80.6 MPH)
|
|
Batting: RHB Tsutomu Irie
|
0-0: Ball 1-0: Called Strike 1-1: Fly out, F7 (Flyball, 7LS, EV 91.2 MPH)
|
|
Batting: LHB Lirak Bazhunaishvili
|
0-0: Ball 1-0: DOUBLE (Groundball, 5L, EV 103.8 MPH)
|
|
Batting: RHB Clay Buchanan
|
0-0: Called Strike 0-1: SINGLE (Groundball, 56D, EV 107.5 MPH) Lirak Bazhunaishvili to third Runner from 3rd tries for Home, SAFE, throw by LF to home
|
|
Batting: RHB Danny Dyer
|
0-0: Called Strike 0-1: Ball 1-1: Foul Ball, location: 2F 1-2: Ball 2-2: SINGLE (Flyball, 5D, EV 91.9 MPH) Clay Buchanan to second
|
|
Batting: RHB John Piccolo
|
0-0: Ball 1-0: Fly out, F9 (Flyball, 9D, EV 93.1 MPH)
|
| Bottom of the 1st over - 1 run, 3 hits, 0 errors, 2 left on base; San Francisco 0 - Los Angeles 1 |
| TOP OF THE 2ND |
|
San Francisco Giants batting - Pitching for Los Angeles Dodgers : RHP Michael Walsh
|
|
Batting: RHB Sean Zielinski
|
0-0: Swinging Strike 0-1: Foul Ball, location: 2F 0-2: Foul Ball, location: 2F 0-2: Ball 1-2: Ball 2-2: SINGLE (Flyball, 8LS, EV 88.1 MPH)
|
|
Batting: LHB Carey Horncole
|
0-0: Called Strike 0-1: Ball 1-1: Called Strike 1-2: Ball 2-2: Ball 3-2: Foul Ball, location: 2F 3-2: Foul Ball, location: 2F 3-2: Base on Balls Sean Zielinski to second
|
|
Batting: LHB Mason Duffy
|
0-0: Called Strike 0-1: Ball Wild Pitch! Sean Zielinski to third Carey Horncole to second 1-1: Swinging Strike 1-2: Foul Ball, location: 2F 1-2: Ball 2-2: Foul Ball, location: 2F 2-2: Ball 3-2: Strikes out swinging
|
|
Batting: LHB Luis Magdaleno
|
0-0: Called Strike 0-1: Swinging Strike 0-2: Foul Ball, location: 2F 0-2: Strikes out swinging
|
|
Batting: RHB Bill Defazio
|
0-0: Ball 1-0: Called Strike 1-1: Foul Ball, location: 2F 1-2: Strikes out swinging
|
| Top of the 2nd over - 0 runs, 1 hit, 0 errors, 2 left on base; San Francisco 0 - Los Angeles 1 |
| BOTTOM OF THE 2ND |
|
Los Angeles Dodgers batting - Pitching for San Francisco Giants : LHP Randy Johnson Jr.
|
|
Batting: RHB Wing-kit Bu
|
0-0: Ground out U3 (Groundball, 34S, EV 90.6 MPH)
|
|
Batting: RHB Rodolfo Rivera
|
0-0: Called Strike 0-1: Ground out 5-3 (Groundball, 56S, EV 92.5 MPH)
|
|
Batting: SHB Benjamin Brown
|
0-0: Ball 1-0: Ball 2-0: Fly out, F7 (Flyball, 7LSF, EV 94.4 MPH)
|
| Bottom of the 2nd over - 0 runs, 0 hits, 0 errors, 0 left on base; San Francisco 0 - Los Angeles 1 |
| TOP OF THE 3RD |
|
San Francisco Giants batting - Pitching for Los Angeles Dodgers : RHP Michael Walsh
|
|
Batting: RHB C.J. Sagle
|
0-0: Called Strike 0-1: Ball 1-1: Ball 2-1: Fly out, F9 (Flyball, 9LM, EV 90.0 MPH)
|
|
Batting: RHB Philip Jansen
|
0-0: Ball 1-0: Fly out, F8 (Flyball, 78XD, EV 93.1 MPH)
|
|
Batting: RHB Lucan Esini
|
0-0: Swinging Strike 0-1: Foul Ball, location: 2F 0-2: Foul Ball, location: 2F 0-2: Strikes out swinging
|
| Top of the 3rd over - 0 runs, 0 hits, 0 errors, 0 left on base; San Francisco 0 - Los Angeles 1 |
| BOTTOM OF THE 3RD |
|
Los Angeles Dodgers batting - Pitching for San Francisco Giants : LHP Randy Johnson Jr.
|
|
Batting: RHB Tim Nettles
|
0-0: Ball 1-0: DOUBLE (Line Drive, 8RXD, EV 106.9 MPH)
|
|
Batting: RHB Tsutomu Irie
|
0-0: Ball 1-0: Fly out, F9 (Flyball, 9, EV 88.1 MPH) Runner from 2nd tags up, OUT at 3rd! 9-5
|
|
Batting: LHB Lirak Bazhunaishvili
|
0-0: Called Strike 0-1: Ball 1-1: Foul Ball, location: 2F 1-2: Foul Ball, location: 2F 1-2: Ball 2-2: Foul Ball, location: 2F 2-2: Foul Ball, location: 2F 2-2: Ball 3-2: Foul Ball, location: 2F 3-2: Foul Ball, location: 2F 3-2: Foul Ball, location: 2F 3-2: Ground out 5-3 (Groundball, 56, EV 81.2 MPH)
|
| Bottom of the 3rd over - 0 runs, 1 hit, 0 errors, 0 left on base; San Francisco 0 - Los Angeles 1 |
| TOP OF THE 4TH |
|
San Francisco Giants batting - Pitching for Los Angeles Dodgers : RHP Michael Walsh
|
|
Batting: LHB Jack Henningar
|
0-0: SINGLE (Line Drive, 8RS, EV 105.0 MPH)
|
|
Batting: RHB Sean Zielinski
|
0-0: Called Strike 0-1: Ball 1-1: Foul Ball, location: 2F 1-2: Ball 2-2: Ball 3-2: Foul Ball, location: 2F 3-2: Base on Balls Jack Henningar to second
|
|
Batting: LHB Carey Horncole
|
0-0: Called Strike 0-1: Swinging Strike 0-2: Ball 1-2: Strikes out swinging
|
|
Batting: LHB Mason Duffy
|
0-0: Fielders Choice at 2nd, 1-6 (Groundball, 13S, EV 67.5 MPH) Jack Henningar to third
|
|
Batting: LHB Luis Magdaleno
|
0-0: Ball 1-0: Ball 2-0: Called Strike 2-1: Swinging Strike 2-2: Ball 3-2: Foul Ball, location: 2F Pickoff Throw to First - Out! 1-3
|
| Top of the 4th over - 0 runs, 1 hit, 0 errors, 1 left on base; San Francisco 0 - Los Angeles 1 |
| BOTTOM OF THE 4TH |
|
Los Angeles Dodgers batting - Pitching for San Francisco Giants : LHP Randy Johnson Jr.
|
|
Batting: RHB Clay Buchanan
|
0-0: Ball 1-0: Called Strike 1-1: Swinging Strike 1-2: Ball 2-2: Strikes out looking
|
|
Batting: RHB Danny Dyer
|
0-0: Foul Ball, location: 2F 0-1: Ball 1-1: Fly out, F8 (Flyball, 8RD, EV 100.6 MPH)
|
|
Batting: RHB John Piccolo
|
0-0: Swinging Strike 0-1: Ground out 4-3 (Groundball, 34, EV 82.5 MPH)
|
| Bottom of the 4th over - 0 runs, 0 hits, 0 errors, 0 left on base; San Francisco 0 - Los Angeles 1 |
| TOP OF THE 5TH |
|
San Francisco Giants batting - Pitching for Los Angeles Dodgers : RHP Michael Walsh
|
|
Batting: LHB Luis Magdaleno
|
0-0: Foul Ball, location: 2F 0-1: Foul Ball, location: 2F 0-2: Foul Ball, location: 2F 0-2: Foul Ball, location: 2F 0-2: Foul Ball, location: 2F 0-2: Ground out 3-1 (Groundball, 34, EV 98.1 MPH)
|
|
Batting: RHB Bill Defazio
|
0-0: Ball 1-0: Ball 2-0: Called Strike 2-1: Fly out, F7 (Flyball, 7, EV 81.9 MPH)
|
|
Batting: RHB C.J. Sagle
|
0-0: Ball 1-0: Ball 2-0: Fly out, F7 (Flyball, 7, EV 88.8 MPH)
|
| Top of the 5th over - 0 runs, 0 hits, 0 errors, 0 left on base; San Francisco 0 - Los Angeles 1 |
| BOTTOM OF THE 5TH |
|
Los Angeles Dodgers batting - Pitching for San Francisco Giants : LHP Randy Johnson Jr.
|
|
Batting: RHB Wing-kit Bu
|
0-0: Fly out, F8 (Line Drive, 8RM, EV 108.1 MPH)
|
|
Batting: RHB Rodolfo Rivera
|
0-0: Ground out 6-3 (Groundball, 56, EV 110.0 MPH)
|
|
Batting: SHB Benjamin Brown
|
0-0: Foul Ball, location: 2F 0-1: Swinging Strike 0-2: SINGLE (Line Drive, 56D, EV 95.6 MPH)
|
|
Batting: RHB Tim Nettles
|
0-0: Foul Ball, location: 2F 0-1: Foul Ball, location: 2F 0-2: Ball 1-2: Ball 2-2: Ground out 5-3 (Groundball, 56S, EV 63.1 MPH)
|
| Bottom of the 5th over - 0 runs, 1 hit, 0 errors, 1 left on base; San Francisco 0 - Los Angeles 1 |
| TOP OF THE 6TH |
|
San Francisco Giants batting - Pitching for Los Angeles Dodgers : RHP Michael Walsh
|
|
Batting: RHB Philip Jansen
|
0-0: Ball 1-0: Ball 2-0: Ball 3-0: Base on Balls
|
|
Batting: RHB Lucan Esini
|
0-0: SINGLE (Groundball, 56D, EV 94.4 MPH) Philip Jansen to second
|
|
Batting: LHB Jack Henningar
|
0-0: Called Strike 0-1: Fly out, F7 (Flyball, 7D, EV 98.1 MPH) Runner from 2nd tags up, OUT at 3rd! 7-5
|
|
Batting: RHB Sean Zielinski
|
0-0: Ball 1-0: Ball 2-0: Called Strike Lucan Esini is caught stealing 2nd base 2-4
|
| Top of the 6th over - 0 runs, 1 hit, 0 errors, 0 left on base; San Francisco 0 - Los Angeles 1 |
| BOTTOM OF THE 6TH |
|
Los Angeles Dodgers batting - Pitching for San Francisco Giants : LHP Randy Johnson Jr.
|
|
Batting: RHB Tsutomu Irie
|
0-0: Ball 1-0: Called Strike 1-1: Ball 2-1: Foul Ball, location: 2F 2-2: Strikes out looking
|
|
Batting: LHB Lirak Bazhunaishvili
|
0-0: Ball 1-0: Called Strike 1-1: Ball 2-1: Fly out, F7 (Flyball, 7, EV 77.5 MPH)
|
|
Batting: RHB Clay Buchanan
|
0-0: Ground out 5-3 (Groundball, 5L, EV 85.0 MPH)
|
| Bottom of the 6th over - 0 runs, 0 hits, 0 errors, 0 left on base; San Francisco 0 - Los Angeles 1 |
| TOP OF THE 7TH |
|
San Francisco Giants batting - Pitching for Los Angeles Dodgers : RHP Michael Walsh
|
|
Pitching: RHP Santiago Montero
|
|
|
Batting: RHB Sean Zielinski
|
0-0: Ball 1-0: Swinging Strike 1-1: Ball 2-1: Ball 3-1: Base on Balls
|
|
Batting: LHB Carey Horncole
|
0-0: Called Strike 0-1: Ball 1-1: Ball 2-1: Ball 3-1: Called Strike 3-2: Base on Balls Sean Zielinski to second
|
|
Batting: LHB Mason Duffy
|
0-0: Sac Bunt to 3S - play at first, batter OUT! 3-1 Sean Zielinski to third Carey Horncole to second
|
|
Batting: LHB Luis Magdaleno
|
0-0: Ball 1-0: Called Strike 1-1: Ball 2-1: Swinging Strike 2-2: Strikes out swinging
|
|
Batting: RHB Bill Defazio
|
0-0: Ball Wild Pitch! Sean Zielinski scores Carey Horncole to third 1-0: Intentional Walk
|
|
Batting: RHB C.J. Sagle
|
0-0: Fielders Choice at 2nd, 6-4 (Groundball, 6, EV 87.5 MPH)
|
| Top of the 7th over - 1 run, 0 hits, 0 errors, 2 left on base; San Francisco 1 - Los Angeles 1 |
| BOTTOM OF THE 7TH |
|
Los Angeles Dodgers batting - Pitching for San Francisco Giants : LHP Randy Johnson Jr.
|
|
Batting: RHB Danny Dyer
|
0-0: Swinging Strike 0-1: Swinging Strike 0-2: Ball 1-2: Ball 2-2: Foul Ball, location: 2F 2-2: Ball 3-2: Ground out U3 (Groundball, 3, EV 83.8 MPH)
|
|
Batting: RHB John Piccolo
|
0-0: Ball 1-0: Called Strike 1-1: Ground out 1-3 (Groundball, 15S, EV 63.8 MPH)
|
|
Batting: RHB Wing-kit Bu
|
0-0: Ball 1-0: Ground out 6-3 (Groundball, 6, EV 86.9 MPH)
|
| Bottom of the 7th over - 0 runs, 0 hits, 0 errors, 0 left on base; San Francisco 1 - Los Angeles 1 |
| TOP OF THE 8TH |
|
San Francisco Giants batting - Pitching for Los Angeles Dodgers : RHP Santiago Montero
|
|
Pitching: RHP Craig Fallon
|
|
|
Batting: RHB Philip Jansen
|
0-0: Ball 1-0: Ball 2-0: Ball 3-0: Base on Balls
|
|
Batting: RHB Lucan Esini
|
0-0: Ball 1-0: Ball 2-0: SINGLE (Line Drive, 9S, EV 93.8 MPH) Philip Jansen to second Runner from 2nd tries for 3rd, SAFE, throw by RF made to third
|
|
Batting: LHB Jack Henningar
|
0-0: Ball 1-0: Ground out 4-3 (Groundball, 4, EV 93.1 MPH) Lucan Esini to second
|
|
Batting: RHB Sean Zielinski
|
0-0: Called Strike 0-1: Ball 1-1: SINGLE (Groundball, 4, EV 82.5 MPH) (infield hit) Philip Jansen scores Lucan Esini to third
|
|
Batting: LHB Carey Horncole
|
0-0: Ball 1-0: Called Strike 1-1: Swinging Strike 1-2: Ball 2-2: Foul Ball, location: 2F 2-2: Strikes out swinging
|
|
Pitching: RHP Chris Geraci
|
|
|
Batting: LHB Mason Duffy
|
0-0: Ball 1-0: Foul Ball, location: 2F 1-1: Swinging Strike 1-2: Strikes out swinging
|
| Top of the 8th over - 1 run, 2 hits, 0 errors, 2 left on base; San Francisco 2 - Los Angeles 1 |
| BOTTOM OF THE 8TH |
|
Los Angeles Dodgers batting - Pitching for San Francisco Giants : LHP Randy Johnson Jr.
|
|
Batting: RHB Rodolfo Rivera
|
0-0: Ball 1-0: Called Strike 1-1: Ground out 5-3 (Groundball, 5S, EV 65.0 MPH)
|
|
Batting: SHB Benjamin Brown
|
0-0: Ball 1-0: Foul Ball, location: 2F 1-1: Swinging Strike 1-2: Ball 2-2: Foul Ball, location: 2F 2-2: Ball 3-2: Ground out 4-3 (Groundball, 4M, EV 99.4 MPH)
|
|
Batting: RHB Tim Nettles
|
0-0: Called Strike 0-1: Swinging Strike 0-2: Ground out 6-3 (Groundball, 6, EV 80.6 MPH)
|
| Bottom of the 8th over - 0 runs, 0 hits, 0 errors, 0 left on base; San Francisco 2 - Los Angeles 1 |
| TOP OF THE 9TH |
|
San Francisco Giants batting - Pitching for Los Angeles Dodgers : RHP Chris Geraci
|
|
Pitching: RHP Geoff Mooney
|
|
|
Batting: LHB Luis Magdaleno
|
0-0: Ball 1-0: Called Strike 1-1: Ground out 6-3 (Groundball, 6, EV 106.2 MPH)
|
|
Batting: RHB Bill Defazio
|
0-0: Foul Ball, location: 2F 0-1: Ball 1-1: Fly out, F8 (Flyball, 78D, EV 93.8 MPH)
|
|
Batting: RHB C.J. Sagle
|
0-0: Called Strike 0-1: Ball 1-1: Swinging Strike 1-2: Strikes out swinging
|
| Top of the 9th over - 0 runs, 0 hits, 0 errors, 0 left on base; San Francisco 2 - Los Angeles 1 |
| BOTTOM OF THE 9TH |
|
Los Angeles Dodgers batting - Pitching for San Francisco Giants : LHP Randy Johnson Jr.
|
|
Pitching: LHP Caleb Mullinax
|
|
|
Batting: RHB Tsutomu Irie
|
0-0: Ground out 5-3 (Groundball, 5S, EV 86.2 MPH)
|
|
Batting: LHB Lirak Bazhunaishvili
|
0-0: Ball 1-0: Called Strike 1-1: Called Strike 1-2: Strikes out looking
|
|
Batting: RHB Clay Buchanan
|
0-0: Foul Ball, location: 2F 0-1: Ball 1-1: Foul Ball, location: 2F 1-2: Ground out 6-3 (Groundball, 6, EV 76.2 MPH)
|
| Bottom of the 9th over - 0 runs, 0 hits, 0 errors, 0 left on base; San Francisco 2 - Los Angeles 1 |
|